Map: Tours du crépuscule (3.2.2 équilibrage v1.3)

Players

zidar - Winner!

  • Race: Zerg Zerg
  • League: Gold
  • Spawn Location: 7:00

Joueur 2

  • Race: Protoss Protoss
  • Spawn Location: 1:00

VOD

Have the link to the VOD?

Description

Time

  • Played on: May 21, 2016, 2:22 p.m.
  • Length: 10:14
Show
View Real Time Build Order
Export as new Build Order

zidar Zerg - Winner!

Build Orders: Hatch First 

Get SALT Encoding   

  12  0:01  Drone  
  13  0:12  Overlord  
  13  0:17  Drone  
  14  0:30  Drone x2  
  14  0:34  Drone  
  17  0:56  Hatchery  
  16  0:57  Drone  
  17  1:12  Spawning Pool  
  16  1:24  Drone  
  17  1:27  Extractor, Drone  
  17  1:28  Drone  
  18  1:35  Overlord  
  18  1:47  Drone  
  19  1:56  Drone  
  19  1:58  Queen  
  22  2:15  Queen  
  22  2:20  Drone  
  26  2:22  Zergling x2  
  26  2:23  Zergling x4  
  26  2:27  Metabolic Boost  
  28  2:32  Drone  
  29  2:51  Queen  
  29  2:55  Queen  
  29  2:57  Overlord  
  33  3:10  Roach Warren  
  32  3:14  Extractor  
  32  3:17  Drone  
  32  3:19  Zergling x8  
  36  3:47  Drone  
  36  3:48  Drone x7  
  44  4:12  Overlord  
  44  4:13  Overlord x2  
  44  4:33  Roach  
  44  4:34  Roach x5  
  44  4:38  Lair  
  56  4:42  Drone  
  56  4:43  Drone  
  58  5:06  Roach x5  
  68  5:18  Hatchery  
  56  6:10  Zergling x24  
  56  6:11  Zergling x4  
  64  6:42  Zergling x2  
  64  6:43  Zergling x14  
  55  7:53  Drone x3  
  55  8:00  Spore Crawler  
  55  8:02  Spore Crawler  
  55  8:03  Spore Crawler  
  50  8:07  Spore Crawler  
  50  8:08  Spore Crawler  
  50  8:10  Spore Crawler  
  42  8:15  Spore Crawler x2  
  42  8:19  Zergling x8  
  43  8:20  Spore Crawler, Zergling x36  
  54  8:32  Zergling x8  
  58  8:41  Queen  
  58  9:30  Hydralisk Den  
  57  9:52  Hatchery  
Show
View Real Time Build Order
Export as new Build Order

Joueur 2 Protoss 

Build Orders:  

Get SALT Encoding   

  12  0:01  Probe (Chrono Boost)  
  13  0:11  Probe (Chrono Boost)  
  14  0:20  Pylon  
  14  0:22  Probe (Chrono Boost)  
  15  0:38  Probe (Chrono Boost)  
  16  0:47  Assimilator  
  16  0:49  Probe (Chrono Boost)  
  17  0:50  Gateway  
  17  1:00  Probe (Chrono Boost), Pylon  
  18  1:27  Gateway  
  18  1:34  Assimilator  
  18  1:39  Cybernetics Core  
  18  1:43  Zealot  
  20  2:03  Pylon  
  20  2:08  Zealot  
  20  2:11  Warp Gate  
  22  2:21  Adept  
  24  2:35  Adept  
  26  2:48  Adept  
  26  2:49  Pylon  
  28  2:55  Probe (Chrono Boost)  
  29  3:03  Adept  
  32  3:06  Probe (Chrono Boost)  
  32  3:16  Forge, Stalker  
  32  3:17  Probe (Chrono Boost)  
  35  3:28  Adept, Probe (Chrono Boost)  
  38  3:40  Probe (Chrono Boost)  
  39  3:52  Probe (Chrono Boost)  
  40  5:26  Stalker  
  40  5:28  Probe (Chrono Boost), Photon Cannon  
  43  5:31  Pylon  
  43  5:35  Nexus, Photon Cannon  
  43  5:37  Robotics Facility  
  43  5:39  Sentry  
  43  5:40  Stargate  
  45  5:43  Twilight Council  
  45  5:45  Gateway  
  43  5:52  Stalker  
  35  6:05  Stalker  
  33  6:18  Stalker  
  33  6:24  Observer  
  30  6:31  Sentry  
  26  6:38  Void Ray  
  30  6:53  Zealot  
  31  6:54  Assimilator  
  31  6:59  Probe (Chrono Boost)  
  30  7:03  Probe (Chrono Boost)  
  30  7:06  Zealot  
  30  7:10  Probe (Chrono Boost)  
  30  7:13  Zealot  
  34  7:16  Probe (Chrono Boost)  
  30  7:22  Zealot  
  21  7:37  Zealot  
  21  7:38  Probe (Chrono Boost)  
  21  7:41  Probe (Chrono Boost)  
  18  7:44  Zealot  
  18  7:49  Probe (Chrono Boost)  
  18  7:53  Probe (Chrono Boost)  
  18  7:56  Zealot  
  21  8:00  Probe (Chrono Boost)  
  21  8:03  Probe (Chrono Boost)  
  21  8:04  Stalker  
  22  8:11  Probe (Chrono Boost)  
  23  8:16  Probe (Chrono Boost), Pylon  
  21  8:22  Probe (Chrono Boost)  
  22  8:27  Probe (Chrono Boost)  
  22  8:33  Probe (Chrono Boost)  
  24  8:38  Probe (Chrono Boost)  
  25  8:51  Probe (Chrono Boost), Pylon  
  25  8:55  Probe (Chrono Boost)  
  27  9:01  Probe (Chrono Boost)  
  28  9:07  Stalker  
  24  9:13  Probe (Chrono Boost)  
  24  9:17  Probe (Chrono Boost)  
  14  9:29  Probe (Chrono Boost)  
  2  9:39  Probe (Chrono Boost)  
Tags
 
Add a new tag
Caveats
  • Supply blocks, unpowered buildings, or Contaminate may cause inaccurate times.
  • Supply counts are checked every 10 seconds.